 Dungeon Crawl Stone Soup version 0.21-a0-360-g65c131b (webtiles) character file.

8824 Ordine the Thaumaturge (level 11, -8/61 HPs)
             Began as a Deep Elf Wizard on Oct 13, 2017.
             Was a Believer of Sif Muna.
             Mangled by Rupert
             ... wielding a +3 battleaxe of chopping
              (21 damage)
             ... while paralysed by Rupert
             ... on level 12 of the Dungeon.
             The game lasted 00:55:50 (16130 turns).

Ordine the Thaumaturge (Deep Elf Wizard)           Turns: 16130, Time: 00:55:50

Health: -8/61      AC:  9    Str:  4    XL:     11   Next: 15%
Magic:  16/25      EV:  2    Int: 27    God:    Sif Muna [**....]
Gold:   356        SH:  0    Dex: 13    Spells: 12/27 levels left

rFire    . . .     SeeInvis +   a - +2 dagger (elec)
rCold    . . .     Gourm    .   B - +0 buckler (curse)
rNeg     . . .     Faith    .   T - +0 troll leather armour
rPois    +         Spirit   .   w - +2 helmet
rElec    .         Reflect  .   F - scarf {repulsion}
rCorr    .         Harm     .   k - +0 pair of gloves
MR       +....                  (no boots)
Stlth    +++.......             e - amulet of regeneration
HPRegen  1.00/turn              S - ring of see invisible
MPRegen  0.19/turn              f - ring of poison resistance

@: paralysed, repel missiles
A: no striking features
a: Divine Energy, Renounce Religion


You were on level 12 of the Dungeon.
You worshipped Sif Muna.
Sif Muna was pleased with you.
You were not hungry.

You visited 2 branches of the dungeon, and saw 13 of its levels.
You also visited: Sewer.

You collected 720 gold pieces.
You spent 364 gold pieces at shops.

Inventory:

Hand Weapons
 a - a +2 dagger of electrocution (weapon)
 b - a +2 dagger of venom
Armour
 k - a +0 pair of gloves (worn)
 w - a +2 helmet (worn)
 B - a cursed +0 buckler (worn)
 F - a scarf of repulsion (worn)
 T - a +0 troll leather armour (worn)
Magical Staves
 X - an uncursed staff of earth
Jewellery
 e - an amulet of regeneration (around neck)
 f - a ring of poison resistance (right hand)
 p - an uncursed amulet of rage
 s - an uncursed ring of protection from magic
 S - a ring of see invisible (left hand)
Wands
 x - a wand of acid (9/15)
 M - a wand of disintegration (14/24)
 N - a wand of iceblast (3/15)
 P - a wand of lightning (5/15)
Scrolls
 r - a scroll of enchant weapon
 t - 2 scrolls of amnesia
 y - 2 scrolls of recharging
 z - 5 scrolls of teleportation
 A - a scroll of immolation
 C - 2 scrolls of fear
 E - 2 scrolls of blinking
 I - 2 scrolls of magic mapping
 J - 2 scrolls of enchant armour
 K - 2 scrolls of remove curse
 W - a scroll of identify
Potions
 g - 7 potions of curing
 h - a potion of resistance
 m - 2 potions of invisibility
 n - 2 potions of might
 o - 2 potions of cancellation
 q - 2 potions of brilliance
 u - 2 potions of mutation {unknown}
 v - 2 potions of agility {unknown}
 G - a potion of magic {unknown}
 H - 4 potions of haste
 L - 2 potions of ambrosia {unknown}
 R - a potion of lignification
Books
 c - a book of Minor Magic

   Spells                             Type                      Level
   a - Magic Dart                     Conjuration                  1
   b - Blink                          Translocation                2
   c - Call Imp                       Summoning                    2
   d - Slow                           Hexes                        2
   e - Conjure Flame                  Conjuration/Fire             3
   f - Mephitic Cloud                 Conjuration/Poison/Air       3
 j - a book of Clouds

   Spells                             Type                      Level
   a - Poisonous Vapours              Poison/Air                   2
   b - Mephitic Cloud                 Conjuration/Poison/Air       3
   c - Conjure Flame                  Conjuration/Fire             3
   d - Freezing Cloud                 Conjuration/Ice/Air          6
   e - Ring of Flames                 Charms/Fire                  7
 Q - a book of Debilitation

   Spells                             Type                      Level
   a - Corona                         Hexes                        1
   b - Slow                           Hexes                        2
   c - Inner Flame                    Hexes/Fire                   3
   d - Portal Projectile              Hexes/Translocation          3
   e - Cause Fear                     Hexes                        4
   f - Leda's Liquefaction            Hexes/Earth                  4
 U - a book of Cantrips

   Spells                             Type                      Level
   a - Confusing Touch                Hexes                        1
   b - Animate Skeleton               Necromancy                   1
   c - Summon Small Mammal            Summoning                    1
   d - Apportation                    Translocation                1
 V - a book of Maledictions

   Spells                             Type                      Level
   a - Corona                         Hexes                        1
   b - Ensorcelled Hibernation        Hexes/Ice                    2
   c - Confuse                        Hexes                        3
   d - Tukima's Dance                 Hexes                        3
   e - Dazzling Spray                 Conjuration/Hexes            3
Comestibles
 d - 11 bread rations
 l - 5 meat rations
 D - a royal jelly
 O - 14 fruits


   Skills:
 + Level 4.0 Fighting
 + Level 4.8 Short Blades
 - Level 4.0 Armour
 - Level 6.0 Dodging
 - Level 6.0 Stealth
 - Level 4.0 Shields
 + Level 8.7 Spellcasting
 + Level 6.7 Conjurations
 * Level 2.3 Hexes
   Level 1.1 Summonings
 - Level 3.0 Translocations
 + Level 5.6 Fire Magic
 + Level 5.1 Air Magic
 + Level 5.3 Evocations


You had 12 spell levels left.
You knew the following spells:

 Your Spells              Type           Power        Failure   Level  Hunger
a - Magic Dart            Conj           ####         1%          1    None
b - Blink                 Tloc           N/A          3%          2    None
c - Conjure Flame         Conj/Fire      #####...     1%          3    None
d - Mephitic Cloud        Conj/Pois/Air  ####....     4%          3    None
e - Apportation           Tloc           ####..       2%          1    None
f - Ensorcelled Hibernat  Hex/Ice        ###...       8%          2    None
g - Confuse               Hex            ###.....     10%         3    None


Dungeon Overview and Level Annotations

Branches:
Dungeon (12/15)            Temple (1/1) D:5            Lair (0/6) D:11
    Orc (0/2) D:9

Altars:
Ashenzari
Cheibriados
Dithmenos
Elyvilon
Fedhas
Gozag
Hepliaklqana
Kikubaaqudgha
Makhleb
Nemelex Xobeh
Qazlal
Ru
Sif Muna
Trog
Uskayaw
Vehumet
Wu Jian
Xom
Yredelemnul
Zin
The Shining One

Shops:
D:7 *

Annotations:
D:12 exclusion: oklob plant, Rupert


Message History

Aiming: Magic Dart
Press: ? - help, Shift-Dir - straight line, f/p - Rupert
Aim: Rupert, wielding a battleaxe of chopping and wearing a glowing chain mail (flame, moderately wounded)
The magic dart hits Rupert.
Rupert is moderately wounded.
Rupert is engulfed in blazing flames.
Rupert roars wildly at you.
You suddenly lose the ability to move!
Rupert is engulfed in blazing flames.
Rupert hits you but does no damage.
Rupert roars madly and goes into a rage!
Rupert goes berserk!
Rupert is engulfed in blazing flames.
Rupert hits you with a battleaxe of chopping!
Rupert is engulfed in blazing flames.
Rupert hits you with a battleaxe of chopping!!
Ouch! That really hurt!
* * * LOW HITPOINT WARNING * * *
Rupert is engulfed in blazing flames.
Rupert hits you with a battleaxe of chopping!!
You die...

## #.. #.# #.####
#############.##..
#.................
#@####(.......##.#
#@# #........##.#
#ยง# #............
.a. #####.......#
..... #.......#
...>...
...........
#......##
##########.
######## ## #


You could see Rupert (berserk) and a worker ant.

Vanquished Creatures
  A two-headed ogre (D:9)
  An unseen horror (D:12)
  A cyclops (D:11)
  The ghost of Ordine the Magician, a novice DEWz (D:5)
  2 trolls
  A tengu conjurer (D:11)
  A hippogriff (D:10)
  3 yaks (D:9)
  A spriggan (D:9)
  2 wraiths (D:12)
  A wyvern (D:9)
  A hungry ghost (D:12)
  Menkaure (D:7)
  Edmund (D:5)
  A sky beast (D:8)
  2 orc warriors
  5 ice beasts
  6 ogres
  A black bear (D:12)
  A phantom (D:7)
  4 centaurs
  4 bullfrogs
  A wyvern zombie (D:11)
  2 scorpions (D:7)
  5 killer bees (D:7)
  4 howler monkeys
  A bullfrog zombie (D:12)
  3 crimson imps
  3 centaur zombies
  4 hounds
  2 bullfrog skeletons
  9 orc priests
  2 jellies
  13 orc wizards
  Terence (D:2)
  11 worker ants
  3 iguanas
  A hound skeleton (D:5)
  Robin (D:1)
  3 gnolls (D:4)
  2 howler monkey skeletons
  12 adders
  3 shadow imps
  3 oozes
  An adder skeleton (D:4)
  4 worms
  5 leopard geckos
  40 orcs
  6 ball pythons
  3 giant cockroaches
  15 goblins
  12 hobgoblins
  18 jackals
  3 quokkas
  2 bats
  10 frilled lizards
  10 kobolds
  2 leopard gecko skeletons (D:4)
  8 rats
  A plant (Sewer)
271 creatures vanquished.

Vanquished Creatures (others)
  2 plants (Sewer)
2 creatures vanquished.

Grand Total: 273 creatures vanquished

Notes
Turn   | Place    | Note
-------+----------+-------------------------------------------
     0 | D:1      | Ordine the Deep Elf Wizard began the quest for the Orb.
     0 | D:1      | Reached XP level 1. HP: 10/10 MP: 7/7
   106 | D:1      | Reached XP level 2. HP: 15/15 MP: 6/9
   135 | D:1      | Learned a level 2 spell: Blink
  1005 | D:2      | Noticed Terence
  1029 | D:2      | Killed Terence
  1029 | D:2      | Reached XP level 3. HP: 19/19 MP: 6/11
  1171 | D:2      | Learned a level 3 spell: Conjure Flame
  1175 | D:2      | Learned a level 3 spell: Mephitic Cloud
  1292 | D:2      | Reached XP level 4. HP: 20/24 MP: 0/12
  1553 | D:2      | Reached skill level 5 in Spellcasting
  1699 | D:2      | Noticed Robin
  1885 | D:1      | Killed Robin
  1885 | D:1      | Reached skill level 1 in Fire Magic
  2096 | D:2      | Reached skill level 1 in Air Magic
  2665 | D:3      | Reached XP level 5. HP: 28/28 MP: 9/14
  3241 | D:3      | Found a blossoming altar of Fedhas.
  3471 | D:4      | Found an ancient bone altar of Kikubaaqudgha.
  3760 | D:4      | Reached XP level 6. HP: 32/32 MP: 11/16
  4191 | D:4      | Reached skill level 1 in Evocations
  4236 | D:4      | Reached skill level 1 in Short Blades
  4236 | D:4      | Reached XP level 7. HP: 37/37 MP: 0/17
  4676 | D:5      | Entered Level 5 of the Dungeon
  4678 | D:5      | Found a glowing drain.
  4850 | Sewer    | Entered a sewer
  5044 | Sewer    | Reached skill level 1 in Fighting
  5359 | Sewer    | Reached skill level 1 in Armour
  5804 | D:5      | Reached skill level 6 in Spellcasting
  5915 | D:5      | Found a staircase to the Ecumenical Temple.
  6082 | Temple   | Entered the Ecumenical Temple
  6090 | Temple   | Became a worshipper of Sif Muna the Loreminder
  6188 | D:5      | Noticed Ordine's ghost (novice DEWz)
  6218 | D:5      | Killed Ordine's ghost
  6218 | D:5      | Reached skill level 5 in Stealth
  6218 | D:5      | Reached XP level 8. HP: 43/43 MP: 1/19
  6556 | D:5      | Found a sparkling altar of Nemelex Xobeh.
  6578 | D:5      | Found a hazy altar of Hepliaklqana.
  6701 | D:5      | Found a white marble altar of Elyvilon.
  6938 | D:5      | Noticed Edmund
  7040 | D:5      | Killed Edmund
  7164 | D:5      | Found a basalt altar of Yredelemnul.
  7870 | D:6      | Reached skill level 5 in Conjurations
  8395 | D:7      | Reached * piety under Sif Muna
  8395 | D:7      | Reached XP level 9. HP: 48/48 MP: 0/21
  8558 | D:7      | Reached skill level 1 in Shields
  8611 | D:7      | Noticed Menkaure
  8619 | D:7      | Killed Menkaure
  8619 | D:7      | Reached skill level 7 in Spellcasting
  9160 | D:7      | Found Biokhug's Assorted Antiques.
  9168 | D:7      | Bought a scroll labeled DUSEIC OSIWISE for 28 gold pieces
  9169 | D:7      | Bought a scroll labeled EGGYXZIONT for 28 gold pieces
  9170 | D:7      | Bought a tapered bone wand for 112 gold pieces
  9170 | D:7      | Bought a lead wand for 112 gold pieces
  9170 | D:7      | Bought a potion of curing for 84 gold pieces
  9776 | D:8      | Reached skill level 5 in Dodging
 11007 | D:9      | Found a staircase to the Orcish Mines.
 11024 | D:9      | Got a smoking war axe {chop}
 11036 | D:9      | Identified the +9 war axe of an ossuary {chop, rC+ Dex+2 Stlth+} (You took it off a crimson imp on level 9 of the Dungeon)
 11276 | D:9      | Noticed a two-headed ogre
 11364 | D:9      | Killed a two-headed ogre
 11488 | D:9      | Reached XP level 10. HP: 56/56 MP: 11/23
 12055 | D:9      | Found a hazy altar of Hepliaklqana.
 12499 | D:10     | Entered Level 10 of the Dungeon
 13200 | D:10     | Reached skill level 8 in Spellcasting
 13402 | D:11     | Found a bloodstained altar of Trog.
 13442 | D:11     | Found a staircase to the Lair.
 13457 | D:11     | Learned a level 1 spell: Apportation
 13609 | D:11     | Noticed a cyclops
 13636 | D:11     | Killed a cyclops
 13636 | D:11     | Reached skill level 5 in Fire Magic
 13853 | D:11     | Reached ** piety under Sif Muna
 14118 | D:11     | Reached skill level 5 in Evocations
 15000 | D:12     | Learned a level 2 spell: Ensorcelled Hibernation
 15004 | D:12     | Learned a level 3 spell: Confuse
 15234 | D:12     | Reached skill level 1 in Hexes
 15267 | D:12     | Reached XP level 11. HP: 38/60 MP: 0/25
 15515 | D:12     | Reached skill level 5 in Air Magic
 15676 | D:12     | Found a basalt altar of Yredelemnul.
 15681 | D:12     | Noticed an oklob plant
 15696 | D:12     | Noticed an unseen horror
 15717 | D:12     | Killed an unseen horror
 16117 | D:12     | Noticed Rupert
 16125 | D:12     | Paralysed by Rupert for 7 turns
 16130 | D:12     | Mangled by Rupert

Vault maps used:
D:1:      dpeg_arrival_boxes_within_box, kennysheep_decorative_pillar
D:2:      uniq_terence, uniq_robin
D:3:      fedhas_altar_fruit_tree
D:4:      nicolae_overflow_hidden_temple, lemuel_doored_altar, first_bread
D:5:      kennysheep_ying_yang, lemuel_round_altar, temple_pool_b,
          cheibrodos_sewer_entry_drain, basic_altar, uniq_edmund
D:7:      serial_shops, nicolae_shop_trees, st_stairs_1, uniq_menkaure
D:9:      kennysheep_mini_moat, orc_david_3, the_bakery
D:11:     lair_entry_dummy, hangedman_decor_diamond_cutter, bloody_trog
D:12:     lemuel_oklob_altar, uniq_rupert
Temple:   nicolae_temple_no_exploring_needed
Sewer:    sewer_co_scattered_pipes

Skill      XL: |  1  2  3  4  5  6  7  8  9 10 11 |
---------------+----------------------------------+-----
Conjurations   | 2 3 4 5 6 |  6.7
Stealth        | 3 5 6 |  6.0
Dodging        | 3 4 5 6 |  6.0
Spellcasting   | 5 6 7 8 |  8.7
Translocations | 2 3 |  3.0
Fire Magic     | 1 2 3 4 5 |  5.6
Air Magic      | 1 2 3 4 5 |  5.1
Evocations     | 1 2 3 4 5 |  5.3
Short Blades   | 1 2 3 4 |  4.8
Fighting       | 1 2 3 4 |  4.0
Armour         | 1 2 3 4 |  4.0
Shields        | 2 4 |  4.0
Hexes          | 1 2 |  2.3
Summonings     | |  1.1

Action                   |  1- 3 |  4- 6 |  7- 9 | 10-12 || total
-------------------------+-------+-------+-------+-------++-------
Melee: Unarmed           |    14 |       |       |       ||    14
       Dagger            |       |    51 |   321 |    99 ||   471
 Cast: Magic Dart        |    74 |   210 |   483 |   354 ||  1121
       Blink             |       |     3 |     3 |     6 ||    12
       Mephitic Cloud    |       |     8 |    21 |    12 ||    41
       Conjure Flame     |       |     3 |    16 |    24 ||    43
       Confuse           |       |       |       |     8 ||     8
 Abil: Evoke Berserk Rag |       |       |     2 |       ||     2
  Use: Scroll            |     5 |     9 |     7 |     2 ||    23
       Potion            |       |     2 |     4 |     3 ||     9
 Stab: Confused          |       |     2 |     2 |     3 ||     7
  Eat: Chunk             |     1 |     9 |    20 |    10 ||    40
       Bread ration      |       |       |     1 |       ||     1
       Fruit             |       |       |     1 |       ||     1
       Meat ration       |       |       |       |     1 ||     1
Armor: Robe              |     2 |    12 |    29 |     1 ||    44
       Skin              |     1 |     7 |    20 |     3 ||    31
       Troll leather arm |       |       |       |    49 ||    49
Dodge: Dodged            |     8 |    49 |    84 |    88 ||   229
       Deflected         |       |       |     4 |     5 ||     9
Block: Buckler           |       |       |       |    38 ||    38

Table legend:
 A = Spawn XP
 B = Non-spawn XP
 C = Spawn XP percentage of total XP
 D = Spawn monster count
 E = Non-spawn monster count
 F = Spawn count percentage of total count
 G = Total turns spent on level
                    A         B        C        D         E        F      G
               +---------+---------+-------+---------+---------+-------+---------
         Total |       0 |   12607 |   0.0 |       0 |     270 |   0.0 | 16130
               +---------+---------+-------+---------+---------+-------+---------
           D:1 |       0 |      54 |   0.0 |       0 |      22 |   0.0 |  1225
           D:2 |       0 |     138 |   0.0 |       0 |      32 |   0.0 |  1399
           D:3 |       0 |      46 |   0.0 |       0 |      15 |   0.0 |   803
           D:4 |       0 |     572 |   0.0 |       0 |      24 |   0.0 |  1478
           D:5 |       0 |    1460 |   0.0 |       0 |      24 |   0.0 |  1638
           D:6 |       0 |     311 |   0.0 |       0 |      16 |   0.0 |   851
           D:7 |       0 |    1215 |   0.0 |       0 |      26 |   0.0 |  1569
           D:8 |       0 |     674 |   0.0 |       0 |      12 |   0.0 |  1430
           D:9 |       0 |    2371 |   0.0 |       0 |      25 |   0.0 |  1602
          D:10 |       0 |    1101 |   0.0 |       0 |      13 |   0.0 |   933
          D:11 |       0 |    2070 |   0.0 |       0 |      17 |   0.0 |  1242
          D:12 |       0 |    2528 |   0.0 |       0 |      24 |   0.0 |  1021
         Sewer |       0 |      67 |   0.0 |       0 |      20 |   0.0 |   922
               +---------+---------+-------+---------+---------+-------+---------
